Map: Abiogenesis LE

Players

Ziggy - Winner!

  • Race: Terran Terran
  • Spawn Location: 5:00

Swing

  • Race: Zerg Zerg
  • Spawn Location: 11:00

Event: WCS Leipzig 2018

VOD

Have the link to the VOD?

Description

Time

  • Played on: Jan. 26, 2018, 6:16 a.m.
  • Length: 4:31

All games in this series

Show
View Real Time Build Order
Export as new Build Order

Ziggy Terran - Winner!

Build Orders:  

Get SALT Encoding   

  12  0:00  SCV  
  13  0:12  SCV  
  14  0:18  Supply Depot  
  14  0:24  SCV  
  15  0:40  SCV, Barracks  
  16  0:46  Refinery  
  16  0:52  SCV  
  17  1:00  Barracks  
  17  1:04  SCV  
  18  1:16  SCV  
  19  1:28  Orbital Command  
  19  1:29  Reaper  
  20  1:38  Barracks  
  20  1:43  Refinery  
  20  1:47  Reaper  
  20  1:54  Supply Depot  
  21  1:58  SCV  
  22  2:06  Reaper  
  23  2:15  SCV  
  24  2:19  Reaper  
  25  2:28  Reaper  
  25  2:29  SCV  
  27  2:38  Reaper  
  28  2:49  Command Center  
  28  2:51  Reaper  
  28  2:54  Supply Depot  
  28  2:56  SCV  
  30  3:01  Reaper  
  31  3:16  SCV, Reaper  
  33  3:23  Reaper  
  34  3:33  Reaper  
  35  3:41  SCV  
  35  3:48  Reaper  
  36  3:56  Reaper  
  36  4:00  SCV  
  38  4:04  Orbital Command  
  38  4:06  Command Center  
Show
View Real Time Build Order
Export as new Build Order

Swing Zerg 

Build Orders: Pool First 

Get SALT Encoding   

  12  0:00  Drone  
  13  0:12  Overlord  
  13  0:17  Drone  
  14  0:31  Drone x2  
  14  0:34  Drone  
  17  0:45  Extractor  
  17  0:46  Drone  
  17  0:50  Spawning Pool  
  17  0:56  Drone  
  17  1:15  Hatchery  
  16  1:18  Drone  
  16  1:22  Drone  
  18  1:36  Queen  
  18  1:38  Zergling x2  
  21  1:45  Drone  
  22  1:48  Metabolic Boost  
  22  1:59  Roach Warren  
  21  2:05  Drone  
  22  2:16  Overlord  
  22  2:17  Overlord  
  22  2:42  Roach x3  
  22  2:43  Roach  
  29  2:45  Roach  
  29  2:46  Roach  
  29  2:51  Roach  
  35  2:59  Roach  
  35  3:05  Overlord  
  37  3:06  Zergling x2  
  38  3:16  Zergling x4  
  38  3:19  Zergling x2  
  41  3:20  Zergling x2  
  42  3:28  Ravager  
  42  3:33  Zergling x8  
  46  3:43  Zergling x4  
  46  3:52  Zergling x6  
  46  3:53  Zergling x2  
  44  3:58  Zergling x2  
  42  4:02  Zergling x2  
  42  4:09  Zergling x2  
  40  4:13  Ravager  
Tags
 
Add a new tag
Caveats
  • Supply blocks, unpowered buildings, or Contaminate may cause inaccurate times.
  • Supply counts are checked every 10 seconds.